 Dungeon Crawl Stone Soup version 0.21.1-1-g345015fe64 (webtiles) character file.

84064 Lavandula the Severer (level 14, -4/172 HPs)
             Began as a Centaur Berserker on June 24, 2018.
             Was a High Priest of Trog.
             Slain by a salamander
             ... wielding a +0 spear
              (7 damage)
             ... on level 1 of the Snake Pit.
             The game lasted 01:22:07 (13393 turns).

Lavandula the Severer (Centaur Berserker)          Turns: 13393, Time: 01:22:07

Health: -4/172     AC: 25    Str: 28    XL:     14   Next: 96%
Magic:  17/17      EV:  8    Int: 13    God:    Trog [*****.]
Gold:   1569       SH:  0    Dex: 13    Spells: 13/13 levels left

rFire    + . .     SeeInvis +   W - +9 executioner's axe "Leviticus" {drain, MR+ Int+4}
rCold    x . .     Gourm    .   (shield currently unavailable)
rNeg     + + .     Faith    .   Y - +11 chain mail "Gared" {rElec rN+ MR+}
rPois    .         Spirit   .   v - +2 hat {MR+}
rElec    +         Reflect  .   H - scarf {cloud immunity}
rCorr    .         Harm     +   P - +1 pair of gloves
MR       ++++.                  (no barding)
Stlth    ..........             b - amulet of harm
HPRegen  0.38/turn              X - ring of Guvypao {Fire rElec Int+3}
MPRegen  0.15/turn              t - ring of Sunlight {rN+ Dex+2 SInv}

@: berserking, lethally poisoned (-4 -> -28), very quick
A: large, hooves 3, deformed body, speed 2, tough skin 3
}: 1/15 runes: decaying
a: Berserk, Trog's Hand, Brothers in Arms, Burn Spellbooks, Renounce Religion


You were on level 1 of the Snake Pit.
You worshipped Trog.
Trog was extremely pleased with you.
You were hungry.

You visited 6 branches of the dungeon, and saw 26 of its levels.
You also visited: Labyrinth, Sewer and Volcano.

You collected 2214 gold pieces.
You spent 645 gold pieces at shops.

Inventory:

Hand Weapons
 h - a +4 executioner's axe of freezing
 E - the +8 shortbow of Stickiness {venom, rF+}
   (You found it on level 4 of the Lair of Beasts)

   It poisons the ammo it fires.
   It protects you from fire.
 L - a +3 battleaxe of flaming
 O - a +0 executioner's axe of flaming
 W - the +9 executioner's axe "Leviticus" (weapon) {drain, MR+ Int+4}
   (Trog gifted it to you on level 12 of the Dungeon)

   A truly terrible weapon, it drains the life of those it strikes.
   It affects your intelligence (+4).
   It affects your resistance to hostile enchantments.
Missiles
 l - 2 throwing nets
 p - 36 tomahawks (quivered)
Armour
 c - a +3 leather armour of poison resistance
 o - the +0 pair of gloves "Yvoniate" {+Blink rC+ Str-2}
   (You found it on level 2 of the Lair of Beasts)

   It affects your strength (-2).
   It protects you from cold.
   It lets you blink.
 q - the +3 ring mail "Zeamm" {rElec MR+++ Dex-4 Slay+5}
   (You found it on level 3 of the Lair of Beasts)

   It affects your dexterity (-4).
   It affects your accuracy and damage with ranged weapons and melee attacks
   (+5).
   It insulates you from electricity.
   It affects your resistance to hostile enchantments.
 v - a +2 hat of magic resistance (worn)
 B - the +2 helmet of the Earth {rF- rN+ SInv}
   (You found it on level 6 of the Lair of Beasts)

   It makes you vulnerable to fire.
   It protects you from negative energy.
   It lets you see invisible.
 H - a scarf of cloud immunity (worn)
 P - a +1 pair of gloves (worn)
 V - a +1 ring mail of positive energy
 Y - the +11 chain mail "Gared" (worn) {rElec rN+ MR+}
   (You found it on level 10 of the Dungeon)

   It insulates you from electricity.
   It protects you from negative energy.
   It affects your resistance to hostile enchantments.
Jewellery
 b - an amulet of harm (around neck)
 e - an uncursed ring of protection from magic
 g - an uncursed ring of resist corrosion
 t - the ring of Sunlight (right hand) {rN+ Dex+2 SInv}
   (You found it on level 5 of the Dungeon)

   [ring of positive energy]

   It affects your dexterity (+2).
   It protects you from negative energy.
   It lets you see invisible.
 X - the ring of Guvypao (left hand) {Fire rElec Int+3}
   (You found it on level 10 of the Dungeon)

   [ring of fire]

   It enhances your fire magic.
   It affects your intelligence (+3).
   It protects you from fire.
   It makes you vulnerable to cold.
   It insulates you from electricity.
Wands
 r - a wand of polymorph (32)
 G - a wand of flame (23)
 J - a wand of digging (17)
 Q - a wand of clouds (7)
 R - a wand of disintegration (40)
 U - a wand of iceblast (4)
Scrolls
 a - a scroll of immolation
 f - a scroll of summoning
 k - 10 scrolls of remove curse
 w - 3 scrolls of fog
 y - 2 scrolls of magic mapping
 z - 7 scrolls of teleportation
 F - a scroll of torment
 M - a scroll of acquirement {unknown}
 Z - 2 scrolls of vulnerability
Potions
 d - 6 potions of brilliance
 j - 4 potions of berserk rage
 m - a potion of invisibility {unknown}
 n - 2 potions of heal wounds
 s - 9 potions of curing
 u - 7 potions of might
 A - 2 potions of haste {unknown}
 D - a potion of lignification {unknown}
 K - 3 potions of resistance
 S - 2 potions of flight {unknown}
 T - a potion of agility {unknown}
Miscellaneous
 i - a lightning rod (4/4)
 C - a phantom mirror
 N - a lamp of fire
Comestibles
 I - 15 rations


   Skills:
 - Level 8.0 Fighting
 + Level 19.4 Axes
 - Level 7.7 Armour
 - Level 4.3 Dodging
 - Level 4.6 Evocations


You had 13 spell levels left.
You didn't know any spells.

Dungeon Overview and Level Annotations

Branches:
Dungeon (12/15)            Temple (0/1) D:5            Lair (6/6) D:8
  Swamp (4/4) Lair:2        Snake (1/4) Lair:2        Slime (1/5) Lair:5
    Orc (2/2) D:10            Elf (0/3) Orc:2

Altars:
Elyvilon
Ru
Beogh
Jiyva

Shops:
D:5 %   D:12 *   Orc:2 (:*[

Annotations:
Lair:2 snake


Innate Abilities, Weirdness & Mutations

You have hooves in place of feet.
Armour fits poorly on your strangely shaped body.
You cover ground very quickly.
You have extremely tough skin. (AC +3)


Message History

Unknown command.
You slice Aizul!! Your kick misses Aizul.
Aizul is almost dead.
You feel sick.
You hear an angry hiss. x2; You hear a shout!
You hear an angry hiss.
Aizul casts a spell at you. The poison arrow hits you!
You are lethally poisoned!
* * * LOW HITPOINT WARNING * * *
The salamander barely misses you.
You hit Aizul.
You kill Aizul!
Trog accepts your kill.
Trog appreciates your killing of a magic user.
* * * LOW HITPOINT WARNING * * *
You feel sick.
The salamander hits you from afar with a spear!
* * * LOW HITPOINT WARNING * * *
You are engulfed in flames.
You resist.
You die...

N......). #.....N>
#......# #...... #.....#
#.....# ##.# #####..N.#
#.... .......†#####
#.....
........@...#####.......
.######.................
##..............#
##.............#
#.............#
##............##
#.............#
#.............####
.................#


You could see a salamander.

Vanquished Creatures
  A thorn hunter (Swamp:3)
  Donald (Swamp:1)
  Aizul (Snake:1)
  A fire dragon (Swamp:4)
  Erolcha (D:9)
  14 hydras
  2 ghost crabs
  2 two-headed ogres
  2 tengu warriors (D:10)
  2 orc high priests
  Nergalle (D:11)
  An unseen horror (D:12)
  A shambling mangrove (Swamp:4)
  8 swamp dragons (Swamp:4)
  Pikel (D:5)
  6 orc knights
  An orc sorcerer (Orc:2)
  6 elephants (Lair:6)
  Maurice (Orc:2)
  Joseph (D:7)
  6 spiny frogs
  A black mamba (Lair:4)
  2 rime drakes
  6 komodo dragons
  A tengu conjurer (D:11)
  3 polar bears (Lair:6)
  6 trolls
  A tyrant leech (Swamp:4)
  4 hornets
  13 blink frogs
  2 dream sheep (Lair:6)
  3 bog bodies
  6 hippogriffs
  13 spriggans (Lair:6)
  24 yaks
  A wyvern (D:8)
  11 vampire mosquitoes
  3 wargs
  A soldier ant (D:12)
  18 insubstantial wisps
  9 swamp worms
  4 nagas (Lair:2)
  5 water moccasins
  4 black bears (Lair:6)
  9 porcupines
  An ice beast (D:10)
  A phantom (D:5)
  27 orc warriors
  2 sky beasts
  A necrophage (D:7)
  8 swamp drakes
  3 centaurs
  4 boggarts (Lair:6)
  9 ogres
  26 wolves
  6 crocodiles
  A big kobold (D:10)
  15 bullfrogs
  A water moccasin zombie (D:10)
  2 scorpions
  A wight (D:10)
  15 killer bees
  A howler monkey (D:6)
  4 electric eels (D:8)
  6 crimson imps
  8 hounds
  3 jellies
  A quasit (D:8)
  A bullfrog zombie (D:8)
  13 orc priests
  A bullfrog skeleton (D:12)
  A centaur skeleton (D:5)
  3 iguanas
  Jessica (D:3)
  Ijyb (D:5)
  2 hell rats (Lair:3)
  12 orc wizards
  10 worker ants
  2 hound skeletons
  2 worker ant zombies
  Robin (D:3)
  3 gnolls (D:3)
  15 adders
  15 river rats
  2 shadow imps
  An ooze (Sewer)
  An adder skeleton (D:6)
  The ghost of Sapher the Grave Robber, a weakling TrNe (D:5)
  3 leopard geckos
  55 orcs
  4 giant cockroaches
  11 goblins (D:3)
  2 hobgoblins (D:3)
  9 jackals
  2 quokkas
  12 ball pythons (Sewer)
  A ball python skeleton (D:5)
  A bat (D:3)
  2 frilled lizards
  2 leopard gecko skeletons (D:4)
  2 quokka zombies
  25 rats
  5 fungi
580 creatures vanquished.

Vanquished Creatures (collateral kills)
  An orc warlord (Orc:2)
  A minotaur (Lab)
  2 hydras
  An alligator (Swamp:4)
  A swamp dragon (Swamp:4)
  3 salamanders (Volcano)
  A komodo dragon (Lair:4)
  A tyrant leech (Swamp:4)
  A bog body (Swamp:4)
  2 fire bats (Volcano)
  A swamp worm (Swamp:4)
  A hell hound (Volcano)
  A swamp drake (Swamp:4)
17 creatures vanquished.

Vanquished Creatures (others)
  A two-headed ogre (Volcano)
  2 centaurs (Volcano)
  5 fungi
8 creatures vanquished.

Grand Total: 605 creatures vanquished

Notes
Turn   | Place    | Note
-------+----------+-------------------------------------------
     0 | D:1      | Lavandula the Centaur Berserker began the quest for the Orb.
     0 | D:1      | Reached XP level 1. HP: 19/19 MP: 1/1
    61 | D:4      | Reached skill level 3 in Axes
    65 | D:4      | Reached XP level 2. HP: 26/26 MP: 2/2
   155 | D:3      | Noticed Jessica
   162 | D:3      | Killed Jessica
   162 | D:3      | Reached XP level 3. HP: 31/31 MP: 3/3
   163 | D:3      | Reached skill level 4 in Axes
   170 | D:3      | Reached XP level 4. HP: 38/38 MP: 4/4
   195 | D:3      | Noticed Robin
   218 | D:3      | Killed Robin
   291 | D:3      | Reached ** piety under Trog
   383 | D:4      | Reached skill level 5 in Axes
   386 | D:4      | Reached XP level 5. HP: 45/45 MP: 5/5
   418 | D:4      | Found a white marble altar of Elyvilon.
   541 | D:5      | Entered Level 5 of the Dungeon
   546 | D:5      | Noticed Sapher's ghost (weakling TrNe)
   554 | D:5      | Reached skill level 6 in Axes
   556 | D:5      | Reached XP level 6. HP: 51/51 MP: 6/6
   558 | D:5      | Killed Sapher's ghost
   566 | D:5      | Noticed a sky beast
   572 | D:5      | Got a crystal mace
   593 | D:5      | Identified the +3 mace of Resourcefulness {drain, Fragile Str+7} (You found it on level 5 of the Dungeon)
   599 | D:5      | Killed a sky beast
   642 | D:5      | Reached skill level 7 in Axes
   715 | D:5      | Reached XP level 7. HP: 37/57 MP: 7/7
   731 | D:5      | Noticed Ijyb
   782 | D:5      | Killed Ijyb
   830 | D:5      | Got a brightly glowing bone ring
   835 | D:5      | Identified the ring of Sunlight {rN+ Dex+2 SInv} (You found it on level 5 of the Dungeon)
   865 | D:5      | Found Qicvuvak's Food Shoppe.
   874 | D:5      | Found a staircase to the Ecumenical Temple.
   889 | D:5      | Noticed Pikel
   896 | D:5      | Reached *** piety under Trog
   896 | D:5      | Reached skill level 8 in Axes
   900 | D:5      | Killed Pikel
   900 | D:5      | Reached skill level 9 in Axes
   900 | D:5      | Reached XP level 8. HP: 52/63 MP: 8/8
  1184 | D:6      | Reached skill level 10 in Axes
  1269 | D:6      | Found a glowing drain.
  1274 | Sewer    | Entered a sewer
  1485 | Sewer    | Reached **** piety under Trog
  1640 | D:6      | Reached skill level 5 in Fighting
  1761 | D:7      | Reached XP level 9. HP: 16/74 MP: 9/9
  2323 | D:7      | Noticed Joseph
  2336 | D:7      | Killed Joseph
  2676 | D:7      | Reached ***** piety under Trog
  2988 | D:8      | Noticed a troll
  3005 | D:8      | Killed a troll
  3169 | D:9      | Found a sacrificial altar of Ru.
  3443 | D:9      | Reached XP level 10. HP: 88/88 MP: 10/10
  3503 | D:9      | Noticed Erolcha
  3518 | D:9      | Killed Erolcha
  3518 | D:9      | Reached skill level 11 in Axes
  3753 | D:10     | Entered Level 10 of the Dungeon
  4074 | D:11     | Reached skill level 12 in Axes
  4084 | D:11     | Noticed Nergalle
  4101 | D:11     | Killed Nergalle
  4302 | D:12     | Noticed an unseen horror
  4309 | D:12     | Killed an unseen horror
  4355 | D:12     | Reached skill level 13 in Axes
  4407 | D:12     | Reached XP level 11. HP: 57/94 MP: 11/11
  4700 | D:12     | Received a gift from Trog
  4701 | D:12     | Got a bone executioner's axe {god gift}
  4709 | D:12     | Identified the +9 executioner's axe "Leviticus" {drain, MR+ Int+4} (Trog gifted it to you on level 12 of the Dungeon)
  4774 | D:12     | Found Hoedaz's Elemental Accessories.
  4826 | D:12     | Noticed a two-headed ogre
  5191 | D:10     | Found a transporter.
  5203 | D:10     | Noticed a tengu warrior
  5203 | D:10     | Noticed a two-headed ogre
  5204 | D:10     | Noticed a tengu warrior
  5211 | D:10     | Killed a tengu warrior
  5215 | D:10     | Killed a two-headed ogre
  5215 | D:10     | Reached skill level 14 in Axes
  5216 | D:10     | Killed a tengu warrior
  5255 | D:10     | Found a transporter.
  5270 | D:10     | Got a clouded amber ring
  5272 | D:10     | Identified the ring of Guvypao {Fire rElec Int+3} (You found it on level 10 of the Dungeon)
  5274 | D:10     | Got a transparent chain mail
  5285 | D:10     | Identified the +11 chain mail "Gared" {rElec rN+ MR+} (You found it on level 10 of the Dungeon)
  5307 | D:10     | Identified the Reference Book on Aerial Creation
  5575 | D:10     | Found a staircase to the Orcish Mines.
  5589 | Orc:1    | Entered Level 1 of the Orcish Mines
  5589 | Orc:1    | Noticed an orc knight
  5598 | Orc:1    | Killed an orc knight
  5600 | Orc:1    | Noticed an orc high priest
  5695 | Orc:1    | Noticed a soul eater
  5699 | Orc:1    | Killed an orc high priest
  5699 | Orc:1    | Reached skill level 15 in Axes
  5741 | Orc:1    | Received a gift from Trog
  5742 | Orc:1    | Noticed a two-headed ogre
  5751 | Orc:1    | Killed a two-headed ogre
  5848 | Orc:1    | Found a roughly hewn altar of Beogh.
  5940 | Orc:2    | Entered Level 2 of the Orcish Mines
  5940 | Orc:2    | Found a staircase to the Elven Halls.
  5940 | Orc:2    | Found Obbea's Book Shop.
  5940 | Orc:2    | Noticed an orc knight
  5945 | Orc:2    | Noticed an orc sorcerer
  5945 | Orc:2    | Found Juolulun's Antique Weapon Emporium.
  5945 | Orc:2    | Noticed an orc warlord
  5945 | Orc:2    | Noticed an orc knight
  5979 | Orc:2    | Noticed an orc knight
  5990 | Orc:2    | Killed an orc knight
  5990 | Orc:2    | Reached XP level 12. HP: 101/101 MP: 12/12
  6082 | Orc:2    | Found a labyrinth entrance.
  6092 | Lab      | Entered a labyrinth
  6259 | Lab      | Noticed a minotaur
  6265 | Lab      | Killed a minotaur
  6286 | Lab      | Got a faintly humming scale mail
  6297 | Lab      | Identified the cursed +0 scale mail of the Orb {Int+3} (You found it in a labyrinth)
  6390 | Orc:2    | Found Foabb's General Store.
  6409 | Orc:2    | Bought a potion of might for 60 gold pieces
  6409 | Orc:2    | Bought a scroll of teleportation for 45 gold pieces
  6409 | Orc:2    | Bought a scroll of teleportation for 45 gold pieces
  6409 | Orc:2    | Bought a potion of curing for 45 gold pieces
  6409 | Orc:2    | Bought a phantom mirror for 450 gold pieces
  6421 | Orc:2    | Noticed an orc high priest
  6421 | Orc:2    | Found Aclekhlou's Antique Armour Shoppe.
  6422 | Orc:2    | Noticed Maurice
  6427 | Orc:2    | Killed an orc high priest
  6436 | Orc:2    | Killed Maurice
  6869 | Orc:2    | Killed an orc warlord
  6884 | Orc:2    | Reached skill level 5 in Armour
  6888 | Orc:2    | HP: 5/101 [orc knight/uncursed great mace (22)]
  7461 | D:8      | Found a staircase to the Lair.
  7502 | Lair:1   | Entered Level 1 of the Lair of Beasts
  7685 | Lair:2   | Received a gift from Trog
  7699 | Lair:2   | Got a pair of faintly humming gloves
  7710 | Lair:2   | Identified the cursed +0 pair of gloves "Yvoniate" {+Blink rC+ Str-2} (You found it on level 2 of the Lair of Beasts)
  8004 | Lair:3   | Got a bloodstained ring mail
  8050 | Lair:3   | Identified the +3 ring mail "Zeamm" {rElec MR+++ Dex-4 Slay+5} (You found it on level 3 of the Lair of Beasts)
  8203 | Lair:4   | Reached XP level 13. HP: 66/107 MP: 13/13
  8277 | Lair:4   | Got a shimmering shortbow
  8278 | Lair:4   | Identified the +8 shortbow of Stickiness {venom, rF+} (You found it on level 4 of the Lair of Beasts)
  8425 | Lair:4   | Reached skill level 1 in Evocations
  8629 | Lair:5   | Found a viscous altar of Jiyva.
  8630 | Lair:5   | Found a staircase to the Slime Pits.
  8635 | Slime:1  | Entered Level 1 of the Pits of Slime
  8692 | Lair:5   | Found a dark tunnel.
  8697 | Volcano  | Entered a volcano
  8926 | Lair:6   | Entered Level 6 of the Lair of Beasts
  8938 | Lair:6   | Reached skill level 16 in Axes
  9257 | Lair:6   | Got a dazzling helmet
  9283 | Lair:6   | Identified the +2 helmet of the Earth {rF- rN+ SInv} (You found it on level 6 of the Lair of Beasts)
  9385 | Lair:6   | Received a gift from Trog
  9441 | Lair:6   | Reached skill level 17 in Axes
 10201 | Lair:2   | Reached XP level 14. HP: 112/115 MP: 17/17
 10211 | Lair:2   | Found a staircase to the Snake Pit.
 10254 | Lair:2   | Found a staircase to the Swamp.
 10280 | Swamp:1  | Entered Level 1 of the Swamp
 10280 | Swamp:1  | Noticed Donald
 10289 | Swamp:1  | Killed Donald
 10680 | Swamp:3  | Noticed a thorn hunter
 10800 | Swamp:3  | Killed a thorn hunter
 10814 | Swamp:2  | Reached skill level 18 in Axes
 11124 | Swamp:4  | Entered Level 4 of the Swamp
 11232 | Swamp:3  | Received a gift from Trog
 12634 | Swamp:4  | Reached skill level 19 in Axes
 13243 | Swamp:4  | Got a decaying rune of Zot
 13348 | Snake:1  | Entered Level 1 of the Snake Pit
 13374 | Snake:1  | Noticed Aizul
 13393 | Snake:1  | Killed Aizul
 13393 | Snake:1  | HP: 3/172 [salamander/spear (9)]
 13393 | Snake:1  | Slain by a salamander

Skill      XL: |  1  2  3  4  5  6  7  8  9 10 11 12 13 14 |
---------------+-------------------------------------------+-----
Axes           | 3 4 5 6 7 9 10 13 15 17 19 | 19.4
Fighting       | 5 8 |  8.0
Dodging        | 4 |  4.3
Armour         | 7 |  7.7
Evocations     | 4 |  4.6

Action                   |  1- 3 |  4- 6 |  7- 9 | 10-12 | 13-15 || total
-------------------------+-------+-------+-------+-------+-------++-------
Melee: Hand axe          |    11 |    66 |   286 |    29 |       ||   392
       Kick              |     2 |    15 |    83 |   100 |   103 ||   303
       Mace              |       |    24 |    10 |       |       ||    34
       Trident           |       |       |    26 |       |       ||    26
       Broad axe         |       |       |       |   119 |     2 ||   121
       Executioner's axe |       |       |       |   251 |   251 ||   502
       Battleaxe         |       |       |       |       |   117 ||   117
Throw: Tomahawk          |       |       |       |     2 |       ||     2
Invok: Berserk           |     2 |     6 |    10 |    20 |    20 ||    58
       Trog's Hand       |       |     2 |     1 |     5 |    10 ||    18
       Brothers in Arms  |       |       |       |     3 |     7 ||    10
Evoke: Wand              |       |       |     2 |     6 |       ||     8
       Lightning rod     |       |       |       |     4 |       ||     4
       Lamp of fire      |       |       |       |     1 |     1 ||     2
  Use: Scroll            |       |     1 |     9 |    16 |    11 ||    37
       Potion            |       |     1 |     1 |     1 |     6 ||     9
  Eat: Chunk             |       |     6 |    12 |    19 |    18 ||    55
       Ration            |       |       |     2 |     4 |     7 ||    13
Armor: Ring mail         |     2 |    48 |   111 |     7 |    84 ||   252
       Leather armour    |       |       |    31 |    78 |    53 ||   162
       Chain mail        |       |       |       |   107 |    71 ||   178
Dodge: Dodged            |    10 |    55 |   136 |   199 |   182 ||   582
